BLB
SEATTLE PILOTS @ PHOENIX ROADRUNNERS
08/25/2059
 
TOP OF THE 1ST
Seattle Pilots batting - Pitching for Phoenix Roadrunners : RHP Louis Berry
Pitching: RHP Louis Berry
Batting: RHB Douglas Morrison 0-0: Called Strike
0-1: Swinging Strike
0-2: SINGLE (Groundball, 56S, EV 71.2 MPH) (infield hit)
Batting: RHB Beau Pruett 0-0: Called Strike
0-1: Ball
1-1: Ball
Douglas Morrison steals 2nd base
2-1: Ground out 4-3 (Groundball, 4S, EV 91.9 MPH)
Douglas Morrison to third
Batting: LHB Cade McCormick 0-0: Ball
1-0: Called Strike
1-1: Foul Ball, location: 2F
1-2: Foul Ball, location: 2F
1-2: Foul Ball, location: 2F
1-2: Foul Ball, location: 2F
1-2: Foul Ball, location: 2F
1-2: Ball
2-2: Ball
3-2: Fly out, F9 (Line Drive, 9D, EV 93.8 MPH)
Runner from 3rd tags up, OUT at HOME! 9-2
Top of the 1st over - 0 runs, 1 hit, 0 errors, 0 left on base; Seattle 0 - Phoenix 0
BOTTOM OF THE 1ST
Phoenix Roadrunners batting - Pitching for Seattle Pilots : RHP Xavier Cook
Pitching: RHP Xavier Cook
Batting: RHB Rick Anderson 0-0: Foul Ball, location: 2F
0-1: Ground out U3 (Groundball, 34, EV 103.1 MPH)
Batting: LHB Dwight Bell 0-0: Ball
1-0: Called Strike
1-1: Ball
2-1: Foul Ball, location: 2F
2-2: Ball
3-2: Strikes out swinging
Batting: LHB Rayshaun Stuart 0-0: Ball
1-0: Ball
2-0: Foul Ball, location: 2F
2-1: Ground out 4-3 (Groundball, 4, EV 77.5 MPH)
Bottom of the 1st over - 0 runs, 0 hits, 0 errors, 0 left on base; Seattle 0 - Phoenix 0
TOP OF THE 2ND
Seattle Pilots batting - Pitching for Phoenix Roadrunners : RHP Louis Berry
Batting: RHB Jerry Coleman 0-0: Called Strike
0-1: Foul Ball, location: 2F
0-2: Strikes out looking
Batting: LHB Ryan Carr 0-0: Ball
1-0: Foul Ball, location: 2F
1-1: SINGLE (Groundball, 25, EV 69.4 MPH) (infield hit)
Batting: LHB Joseph Brandon 0-0: Ball
1-0: Ball
2-0: Foul Ball, location: 2F
2-1: Ball
3-1: SINGLE (Groundball, 6MD, EV 108.8 MPH)
Ryan Carr to second
Runner from 2nd tries for 3rd, OUT! 8-5
Batting: RHB Cole Kleiner 0-0: Ball
1-0: Foul Ball, location: 2F
1-1: DOUBLE (Line Drive, 7LS, EV 106.2 MPH)
Joseph Brandon to third
Runner from 3rd tries for Home, SAFE, throw by LF to home
Batting: RHB Rice Mesyan 0-0: Ball
1-0: Ball
2-0: Ball
3-0: Called Strike
3-1: Swinging Strike
3-2: Strikes out swinging
Top of the 2nd over - 1 run, 3 hits, 0 errors, 1 left on base; Seattle 1 - Phoenix 0
BOTTOM OF THE 2ND
Phoenix Roadrunners batting - Pitching for Seattle Pilots : RHP Xavier Cook
Batting: LHB Devon Cundiff 0-0: Ball
1-0: Swinging Strike
1-1: Called Strike
1-2: Ball
2-2: Ball
3-2: Foul Ball, location: 2F
3-2: Ground out 4-3 (Groundball, 4M, EV 105.0 MPH)
Batting: LHB Neil Wanat 0-0: Ball
1-0: Foul Ball, location: 2F
1-1: Ball
2-1: Fly out, F8 (Flyball, 78D, EV 91.9 MPH)
Batting: LHB Tavin Kang 0-0: Ball
1-0: Foul Ball, location: 2F
1-1: Called Strike
1-2: Ball
2-2: Foul Ball, location: 2F
2-2: Ball
3-2: Base on Balls
Batting: RHB Boone Gellings 0-0: Called Strike
0-1: Ball
Tavin Kang steals 2nd base
1-1: Foul Ball, location: 2F
1-2: Ball
2-2: Foul Ball, location: 2F
2-2: Strikes out swinging
Bottom of the 2nd over - 0 runs, 0 hits, 0 errors, 1 left on base; Seattle 1 - Phoenix 0
TOP OF THE 3RD
Seattle Pilots batting - Pitching for Phoenix Roadrunners : RHP Louis Berry
Batting: RHB Kynan Shaw 0-0: Called Strike
0-1: Ball
1-1: Foul Ball, location: 2F
1-2: Foul Ball, location: 2F
1-2: Strikes out swinging
Batting: RHB Douglas Morrison 0-0: Ground out 4-3 (Groundball, 4, EV 83.1 MPH)
Batting: RHB Beau Pruett 0-0: SINGLE (Groundball, 6MS, EV 66.9 MPH) (infield hit)
Batting: LHB Cade McCormick 0-0: Called Strike
Beau Pruett steals 2nd base
0-1: Foul Ball, location: 2F
0-2: Ball
1-2: Ball
2-2: Ball
3-2: Base on Balls
Batting: RHB Jerry Coleman 0-0: 3-RUN HOME RUN (Flyball, 78XD, EV 103.1 MPH), Distance : 404 ft
Batting: LHB Ryan Carr 0-0: Called Strike
0-1: Foul Ball, location: 2F
0-2: Foul Ball, location: 2F
0-2: Ball
1-2: Ball
2-2: Foul Ball, location: 2F
2-2: Strikes out swinging
Top of the 3rd over - 3 runs, 2 hits, 0 errors, 0 left on base; Seattle 4 - Phoenix 0
BOTTOM OF THE 3RD
Phoenix Roadrunners batting - Pitching for Seattle Pilots : RHP Xavier Cook
Batting: RHB Tyrek Schaaf 0-0: Ball
1-0: Fly out, F8 (Flyball, 8RD, EV 86.9 MPH)
Batting: LHB Will Harper 0-0: Foul Ball, location: 2F
0-1: Ball
1-1: Foul Ball, location: 2F
1-2: Ground out 6-3 (Groundball, 56D, EV 83.8 MPH)
Batting: RHB Rick Anderson 0-0: Ground out 5-3 (Groundball, 56, EV 90.0 MPH)
Bottom of the 3rd over - 0 runs, 0 hits, 0 errors, 0 left on base; Seattle 4 - Phoenix 0
TOP OF THE 4TH
Seattle Pilots batting - Pitching for Phoenix Roadrunners : RHP Louis Berry
Batting: LHB Joseph Brandon 0-0: Ball
1-0: Swinging Strike
1-1: Fly out, F8 (Flyball, 8RD, EV 100.6 MPH)
Batting: RHB Cole Kleiner 0-0: Called Strike
0-1: Called Strike
0-2: Ball
1-2: Ball
2-2: Fly out, F8 (Line Drive, 78XD, EV 90.0 MPH)
Batting: RHB Rice Mesyan 0-0: Swinging Strike
0-1: Ball
1-1: Foul Ball, location: 2F
1-2: Strikes out looking
Top of the 4th over - 0 runs, 0 hits, 0 errors, 0 left on base; Seattle 4 - Phoenix 0
BOTTOM OF THE 4TH
Phoenix Roadrunners batting - Pitching for Seattle Pilots : RHP Xavier Cook
Batting: LHB Dwight Bell 0-0: Ball
1-0: Ball
2-0: Ball
3-0: Base on Balls
Batting: LHB Rayshaun Stuart 0-0: Called Strike
Dwight Bell steals 2nd base
0-1: Fly out, F8 (Flyball, 8RXD, EV 93.1 MPH)
Runner from 2nd tags up, SAFE at 3rd, no throw by CF
Batting: LHB Devon Cundiff 0-0: Ground out 1-3 (Groundball, 13S, EV 65.0 MPH)
Batting: LHB Neil Wanat 0-0: Called Strike
0-1: SINGLE (Flyball, 3D, EV 89.4 MPH)
Dwight Bell scores
Batting: LHB Tavin Kang 0-0: Swinging Strike
0-1: Ball
1-1: Foul Ball, location: 2F
1-2: Foul Ball, location: 2F
1-2: Strikes out swinging
Bottom of the 4th over - 1 run, 1 hit, 0 errors, 1 left on base; Seattle 4 - Phoenix 1
TOP OF THE 5TH
Seattle Pilots batting - Pitching for Phoenix Roadrunners : RHP Louis Berry
Batting: RHB Kynan Shaw 0-0: Ball
1-0: Ground out 5-3 (Groundball, 56, EV 81.9 MPH)
Batting: RHB Douglas Morrison 0-0: Called Strike
0-1: Foul Ball, location: 2F
0-2: Ball
1-2: SINGLE (Groundball, 5S, EV 70.0 MPH) (infield hit)
Batting: RHB Beau Pruett 0-0: SINGLE (Flyball, 89S, EV 83.8 MPH)
Douglas Morrison to second
Runner from 2nd tries for 3rd, SAFE, no throw by RF
Batting: LHB Cade McCormick 0-0: Ball
Beau Pruett steals 2nd base
1-0: Ball
2-0: Foul Ball, location: 2F
2-1: Fly out, F8 (Flyball, 8RXD, EV 88.8 MPH)
Runner from 3rd tags up, SCORES, no throw by CF
Beau Pruett to third
Batting: RHB Jerry Coleman 0-0: Ball
1-0: Called Strike
1-1: Foul Ball, location: 2F
1-2: Foul Ball, location: 2F
1-2: Foul Ball, location: 2F
1-2: Fly out, F8 (Flyball, 89M, EV 75.6 MPH)
Top of the 5th over - 1 run, 2 hits, 0 errors, 1 left on base; Seattle 5 - Phoenix 1
BOTTOM OF THE 5TH
Phoenix Roadrunners batting - Pitching for Seattle Pilots : RHP Xavier Cook
Batting: RHB Boone Gellings 0-0: Foul Ball, location: 2F
0-1: Ball
1-1: SINGLE (Groundball, 6MD, EV 100.0 MPH)
Batting: RHB Tyrek Schaaf 0-0: Called Strike
0-1: Called Strike
0-2: Ball
1-2: Strikes out swinging
Batting: LHB Will Harper 0-0: Called Strike
Boone Gellings steals 2nd base
0-1: Ball
1-1: Ball
2-1: Ball
3-1: Swinging Strike
3-2: Strikes out swinging
Batting: RHB Rick Anderson 0-0: Called Strike
0-1: Ground out U3 (Groundball, 34S, EV 76.9 MPH)
Bottom of the 5th over - 0 runs, 1 hit, 0 errors, 1 left on base; Seattle 5 - Phoenix 1
TOP OF THE 6TH
Seattle Pilots batting - Pitching for Phoenix Roadrunners : RHP Louis Berry
Pitching: RHP Blake Galik
Batting: LHB Ryan Carr 0-0: Called Strike
0-1: Foul Ball, location: 2F
0-2: Strikes out looking
Batting: LHB Joseph Brandon 0-0: Called Strike
0-1: Foul Ball, location: 2F
0-2: Ball
1-2: Foul Ball, location: 2F
1-2: Strikes out swinging
Batting: RHB Cole Kleiner 0-0: Ball
1-0: Swinging Strike
1-1: Ball
2-1: Foul Ball, location: 2F
2-2: Strikes out swinging
Top of the 6th over - 0 runs, 0 hits, 0 errors, 0 left on base; Seattle 5 - Phoenix 1
BOTTOM OF THE 6TH
Phoenix Roadrunners batting - Pitching for Seattle Pilots : RHP Xavier Cook
Batting: LHB Dwight Bell 0-0: Ball
1-0: Ball
2-0: Ball
3-0: Ground out U3 (Groundball, 34S, EV 80.0 MPH)
Batting: LHB Rayshaun Stuart 0-0: SINGLE (Flyball, 78S, EV 95.6 MPH)
Batting: LHB Devon Cundiff 0-0: Ball
1-0: Called Strike
1-1: SINGLE (Line Drive, 56D, EV 107.5 MPH)
Rayshaun Stuart to second
Batting: LHB Neil Wanat 0-0: Ball
1-0: Called Strike
1-1: Called Strike
1-2: Ball
2-2: Foul Ball, location: 2F
2-2: Foul Ball, location: 2F
2-2: Strikes out swinging
Batting: LHB Tavin Kang 0-0: Ball
1-0: Fly out, F9 (Flyball, 89S, EV 91.2 MPH)
Bottom of the 6th over - 0 runs, 2 hits, 0 errors, 2 left on base; Seattle 5 - Phoenix 1
TOP OF THE 7TH
Seattle Pilots batting - Pitching for Phoenix Roadrunners : RHP Blake Galik
Batting: RHB Rice Mesyan 0-0: Ball
1-0: Foul Ball, location: 2F
1-1: Fly out, F6 (Line Drive, 6, EV 62.5 MPH)
Batting: RHB Kynan Shaw 0-0: Called Strike
0-1: Foul Ball, location: 2F
0-2: Strikes out swinging
Batting: RHB Douglas Morrison 0-0: Swinging Strike
0-1: Foul Ball, location: 2F
0-2: Foul Ball, location: 2F
0-2: Ball
1-2: Foul Ball, location: 2F
1-2: Strikes out looking
Top of the 7th over - 0 runs, 0 hits, 0 errors, 0 left on base; Seattle 5 - Phoenix 1
BOTTOM OF THE 7TH
Phoenix Roadrunners batting - Pitching for Seattle Pilots : RHP Xavier Cook
Batting: RHB Boone Gellings 0-0: Ball
1-0: Ball
2-0: Ball
3-0: Called Strike
3-1: Base on Balls
Pitching: LHP Desmond Forgey
Batting: RHB Tyrek Schaaf 0-0: Ball
1-0: Swinging Strike
1-1: 2-RUN HOME RUN (Flyball, 78XD, EV 100.0 MPH), Distance : 392 ft
Batting: RHB Harrison Jordan 0-0: Called Strike
0-1: Fly out, F8 (Flyball, 8RD, EV 100.0 MPH)
Batting: RHB Rick Anderson 0-0: Ball
1-0: Foul Ball, location: 2F
1-1: Foul Ball, location: 2F
1-2: Strikes out swinging
Batting: LHB Dwight Bell 0-0: Ball
1-0: Ball
2-0: Called Strike
2-1: Foul Ball, location: 2F
2-2: Foul Ball, location: 2F
2-2: Strikes out swinging
Bottom of the 7th over - 2 runs, 1 hit, 0 errors, 0 left on base; Seattle 5 - Phoenix 3
TOP OF THE 8TH
Seattle Pilots batting - Pitching for Phoenix Roadrunners : RHP Blake Galik
Pitching: LHP Logan Schneider
Batting: RHB Beau Pruett 0-0: Called Strike
0-1: Ball
1-1: Swinging Strike
1-2: Strikes out swinging
Batting: LHB Cade McCormick 0-0: Ground out 5-3 (Groundball, 56, EV 92.5 MPH)
Batting: RHB Jerry Coleman 0-0: Swinging Strike
0-1: Foul Ball, location: 2F
0-2: Strikes out looking
Top of the 8th over - 0 runs, 0 hits, 0 errors, 0 left on base; Seattle 5 - Phoenix 3
BOTTOM OF THE 8TH
Phoenix Roadrunners batting - Pitching for Seattle Pilots : LHP Desmond Forgey
Batting: LHB Rayshaun Stuart 0-0: Swinging Strike
0-1: Ball
1-1: Swinging Strike
1-2: Ball
2-2: Ball
3-2: Strikes out swinging, 2-3 out at first.
Batting: LHB Devon Cundiff 0-0: Swinging Strike
0-1: Swinging Strike
0-2: Foul Ball, location: 2F
0-2: Strikes out swinging
Pinch Hitting: RHB Cody Barkley 0-0: Ball
1-0: Foul Ball, location: 2F
1-1: Foul Ball, location: 2F
1-2: Ball
2-2: Strikes out swinging
Bottom of the 8th over - 0 runs, 0 hits, 0 errors, 0 left on base; Seattle 5 - Phoenix 3
TOP OF THE 9TH
Seattle Pilots batting - Pitching for Phoenix Roadrunners : LHP Logan Schneider
Now in RF: Tommy Simpson
Batting: LHB Ryan Carr 0-0: Ball
1-0: Called Strike
1-1: Ball
2-1: Foul Ball, location: 2F
2-2: Strikes out swinging
Batting: LHB Joseph Brandon 0-0: Ball
1-0: Ball
2-0: Ground out 1-3 (Groundball, P, EV 70.0 MPH)
Batting: RHB Cole Kleiner 0-0: Ball
1-0: Called Strike
1-1: Ground out U3 (Groundball, 34, EV 88.1 MPH)
Top of the 9th over - 0 runs, 0 hits, 0 errors, 0 left on base; Seattle 5 - Phoenix 3
BOTTOM OF THE 9TH
Phoenix Roadrunners batting - Pitching for Seattle Pilots : LHP Desmond Forgey
Pitching: LHP R.J. Gabriele
Batting: LHB Tavin Kang 0-0: Ball
1-0: Called Strike
1-1: Foul Ball, location: 2F
1-2: Ball
2-2: Fly out, F7 (Flyball, 7D, EV 109.4 MPH)
Batting: RHB Boone Gellings 0-0: Ball
1-0: Foul Ball, location: 2F
1-1: Foul Ball, location: 2F
1-2: Fly out, F8 (Flyball, 78M, EV 85.6 MPH)
Batting: RHB Tyrek Schaaf 0-0: Called Strike
0-1: Called Strike
0-2: Strikes out looking
Bottom of the 9th over - 0 runs, 0 hits, 0 errors, 0 left on base; Seattle 5 - Phoenix 3
Wednesday, March 27th , 2024 - OOTP Baseball 23.10 Build 110